 Dungeon Crawl Stone Soup version 0.18.1-50-g88ac8fd (webtiles) character file.

632 Gargoyl the Skirmisher (level 7, -3/55 HPs)
             Began as a Demonspawn Abyssal Knight on Sept 29, 2016.
             Was a Priest of Lugonu.
             Succumbed to an orc wizard's poison
             ... on level 7 of the Dungeon on Sept 30, 2016.
             The game lasted 00:09:42 (3235 turns).

Gargoyl the Skirmisher (Demonspawn Abyssal Knight)  Turns: 3235, Time: 00:09:43

Health: -3/55      AC: 18    Str: 14    XL:     7   Next: 24%
Magic:  10/10      EV:  4    Int: 13    God:    Lugonu [***...]
Gold:   212        SH:  0    Dex: 13    Spells: 0 memorised, 6 levels left

rFire  . . .     SeeInvis .     a - +2 hand axe
rCold  . . .     Gourm    .     m - +1 plate armour
rNeg   . . .     Faith    .     (no shield)
rPois  .         Spirit   .     k - +2 hat
rElec  .         Dismiss  .     (no cloak)
rCorr  +         Reflect  .     (no gloves)
SustAt +         Harm     .     g - +1 pair of boots
MR     .....                    d - amulet of rage
Stlth  ..........               p - ring of resist corrosion
                                h - ring of sustain attributes

@: lethally poisoned (-3 -> -58), not resistant to hostile enchantments,
extremely unstealthy
A: hooves 1, icy blue scales 1, demonic guardian 1, powered by pain 1
a: Depart the Abyss, Bend Space, Banish, Renounce Religion, Evoke Berserk Rage


You were on level 7 of the Dungeon.
You worshipped Lugonu.
Lugonu was most pleased with you.
You were not hungry.

You visited 1 branch of the dungeon, and saw 5 of its levels.
You visited the Abyss 1 time.

You collected 212 gold pieces.

Inventory:

Hand Weapons
 a - a +2 hand axe (weapon)
Armour
 g - a +1 pair of boots (worn)
 k - a +2 hat (worn)
 m - a +1 plate armour (worn)
Jewellery
 d - an amulet of rage (around neck)
 h - a ring of sustain attributes (left hand)
 p - a ring of resist corrosion (right hand)
Wands
 l - a wand of flame (32/48)
Scrolls
 e - 2 scrolls of remove curse
 f - 6 scrolls of identify
Potions
 b - a potion of might
Books
 t - a book of Minor Magic

   Spells                             Type                      Level
   a - Magic Dart                     Conjuration                  1
   b - Blink                          Translocation                2
   c - Call Imp                       Summoning                    2
   d - Repel Missiles                 Charms/Air                   2
   e - Slow                           Hexes                        2
   f - Conjure Flame                  Conjuration/Fire             3
   g - Mephitic Cloud                 Conjuration/Poison/Air       3
Comestibles
 c - 5 bread rations
 i - a beef jerky
 j - a slice of pizza
 n - a meat ration
 o - 4 chunks of flesh


   Skills:
 + Level 4.6 Fighting
 + Level 3.5 Axes
 * Level 4.6 Armour
 + Level 2.1 Dodging
 * Level 4.4 Invocations


You had 6 spell levels left.
You didn't know any spells.

Dungeon Overview and Level Annotations

Branches:
Dungeon (4/15)
 Temple: D:4-7

Altars:
Elyvilon
Makhleb
Pakellas
Sif Muna
The Shining One


Innate Abilities, Weirdness & Mutations

You have large cloven feet.
You are partially covered in icy blue scales (AC +1).
A weak demonic guardian rushes to your aid.
You sometimes gain a little power by taking damage.


Message History

Unknown command.
You slash something! Lugonu accepts your kill.
Reactivating autopickup.
You feel a bit more experienced.
* * * LOW HITPOINT WARNING * * *
You feel very sick.
Your crimson imp closely misses the orc.
You hit the orc but do no damage.
* * * LOW HITPOINT WARNING * * *
You feel very sick.
Your crimson imp blinks!
The orc hits you but does no damage.
You hit the orc but do no damage.
Your crimson imp disappears in a puff of smoke!
* * * LOW HITPOINT WARNING * * *
You feel very sick. The orc barely misses you.
You hit the orc but do no damage.
You die...

.....# ##. #....
#.....#... #.#...#..
#.....#.# #.....#)#
#.....#)# #....#o#
######@# #.....#
#.##### #.# #.#
############### #.#
#..............
#.#######...#...#...#.
#.....................
#######.#...#...#...#.


You could see an orc.

Vanquished Creatures
  An orc warrior (D:3)
  The ghost of blejac99 the Ducker, an amateur DsGl (D:3)
  An ogre (D:4)
  3 orc priests (D:3)
  A giant frog skeleton (D:4)
  2 orc wizards
  Natasha (D:2)
  Robin (D:3)
  3 adders
  A worm (D:2)
  3 dart slugs (D:1)
  3 giant geckos
  6 orcs
  2 ball pythons
  5 bats
  4 giant cockroaches
  13 goblins
  13 hobgoblins
  9 jackals
  8 kobolds
  A quokka (D:3)
  4 giant newts (D:1)
  6 rats
92 creatures vanquished.

Vanquished Creatures (collateral kills)
  A centaur (D:7)
  A howler monkey (D:4)
  An orc priest (D:7)
  Natasha (twice) (D:2)
  A giant cockroach (D:4)
  A quokka (D:3)
7 creatures vanquished.

Vanquished Creatures (others)
  8 starspawn tentacles (Abyss:2)
8 creatures vanquished.

Grand Total: 107 creatures vanquished

Notes
Turn   | Place    | Note
--------------------------------------------------------------
     0 | Abyss:1  | Gargoyl the Demonspawn Abyssal Knight began the quest for the Orb.
     0 | Abyss:1  | Reached XP level 1. HP: 18/18 MP: 2/2
    67 | Abyss:1  | Noticed a large abomination
   101 | Abyss:2  | Noticed a large abomination
   113 | Abyss:2  | Noticed a raiju
   132 | Abyss:2  | Noticed a reaper
   147 | Abyss:2  | Noticed a large abomination
   151 | Abyss:2  | Noticed a tentacled starspawn
   168 | Abyss:2  | Noticed a large abomination
   182 | Abyss:2  | Noticed a chaos spawn
   190 | D:1      | Escaped the Abyss
   339 | D:1      | Gained mutation: You sometimes gain a little power by taking damage. [demonic ancestry]
   339 | D:1      | Reached XP level 2. HP: 22/24 MP: 3/3
   365 | D:1      | Reached * piety under Lugonu
   365 | D:1      | Reached skill level 1 in Dodging
   577 | D:1      | You fall through a shaft!
   729 | D:1      | Gained mutation: You are partially covered in icy blue scales (AC +1). [demonic ancestry]
   729 | D:1      | Reached XP level 3. HP: 29/29 MP: 5/5
  1093 | D:2      | Found a white marble altar of Elyvilon.
  1218 | D:2      | Noticed Natasha
  1233 | D:2      | Killed Natasha
  1233 | D:2      | Gained mutation: A weak demonic guardian rushes to your aid. [demonic ancestry]
  1233 | D:2      | Reached XP level 4. HP: 25/37 MP: 6/6
  1378 | D:2      | Noticed Natasha
  1383 | D:2      | Killed Natasha
  1442 | D:2      | Reached ** piety under Lugonu
  1502 | D:2      | Noticed Natasha
  1505 | D:2      | Killed Natasha
  1549 | D:3      | Reached XP level 5. HP: 40/42 MP: 7/7
  1673 | D:3      | Noticed blejac99's ghost (amateur DsGl)
  1720 | D:3      | Killed blejac99's ghost
  1951 | D:3      | Noticed Robin
  1981 | D:3      | Reached XP level 6. HP: 27/48 MP: 9/9
  1996 | D:3      | Killed Robin
  2249 | D:3      | Found an oddly glowing altar of Pakellas.
  2280 | D:3      | Reached *** piety under Lugonu
  2586 | D:3      | Noticed an orc warrior
  2605 | D:3      | Killed an orc warrior
  2952 | D:4      | Found a glowing golden altar of the Shining One.
  3030 | D:4      | Found a burning altar of Makhleb.
  3089 | D:4      | Gained mutation: You have large cloven feet. [demonic ancestry]
  3089 | D:4      | Reached XP level 7. HP: 45/55 MP: 10/10
  3140 | D:4      | You fall through a shaft for 3 floors!
  3164 | D:7      | Found a deep blue altar of Sif Muna.
  3234 | D:7      | HP: 2/55 [poisoned by an orc wizard]
  3235 | D:7      | Succumbed to an orc wizard's poison

Skill      XL: |  1  2  3  4  5  6 |
---------------+-------------------+-----
Armour         | 2 3 4 |  4.6
Dodging        | 1 2 |  2.1
Invocations    | 3 4 |  4.4
Axes           | 2 3 |  3.5
Fighting       | 4 |  4.6

Action                   |  1- 3 |  4- 6 |  7- 9 || total
-------------------------+-------+-------+-------++-------
Melee: Hand axe          |   130 |   231 |    24 ||   385
Invok: Depart the Abyss  |     1 |       |       ||     1
  Use: Scroll            |     1 |     9 |       ||    10
       Potion            |       |     7 |       ||     7
  Eat: Chunk             |     1 |     6 |     1 ||     8
Armor: Ring mail         |    40 |       |       ||    40
       Plate armour      |    61 |   195 |    22 ||   278
Dodge: Dodged            |    63 |    50 |     5 ||   118
